 Dungeon Crawl Stone Soup version 0.19.1-1-g22dce08 (webtiles) character file.

79 Gargoyl the Skirmisher (level 4, -10/40 HPs)
             Began as a Ghoul Abyssal Knight on Dec 31, 2016.
             Was a Believer of Lugonu.
             Mangled by Crazy Yiuf
             ... wielding a +3 quarterstaff of chaos
              (12 damage)
             ... on level 3 of the Dungeon.
             The game lasted 00:04:16 (1868 turns).

Gargoyl the Skirmisher (Ghoul Abyssal Knight)       Turns: 1868, Time: 00:04:16

Health: -10/40     AC:  8    Str: 19    XL:     4   Next: 38%
Magic:  4/4        EV: 10    Int:  7    God:    Lugonu [**....]
Gold:   140        SH:  0    Dex:  9    Spells: 0 memorised, 3 levels left

rFire  . . .     SeeInvis .     a - +1 hand axe
rCold  + + .     Gourm    .     l - +1 scale mail {rC+}
rNeg   + + +     Faith    .     (no shield)
rPois  ∞         Spirit   .     f - +1 hat
rElec  .         Reflect  .     (no cloak)
rCorr  .         Harm     .     (no gloves)
MR     +....                    (no boots)
Stlth  ..........               (no amulet)
                                r - +4 ring of strength
                                e - ring of protection from magic

@: very slightly contaminated, rotting, hasted, very quick
A: rotting body, claws 1, carnivore 3, cold resistance 1, negative energy
resistance 3, slow regeneration 1, torment resistance, unbreathing
a: Depart the Abyss, Bend Space, Renounce Religion


You were on level 3 of the Dungeon.
You worshipped Lugonu.
Lugonu was pleased with you.
You were not hungry.

You visited 1 branch of the dungeon, and saw 3 of its levels.
You visited the Abyss 1 time.

You collected 140 gold pieces.

Inventory:

Hand Weapons
 a - a +1 hand axe (weapon)
Armour
 f - a +1 hat (worn)
 l - a +1 scale mail of cold resistance (worn)
Jewellery
 e - a ring of protection from magic (left claw)
 r - a +4 ring of strength (right claw)
Wands
 d - a wand of flame (26/48)
Scrolls
 g - 2 scrolls of immolation
 h - 2 scrolls of amnesia
 m - a scroll of identify
Potions
 i - a potion of haste
 n - a potion of magic {unknown}
 p - a potion of curing {unknown}
 q - a potion of cancellation
Comestibles
 c - 3 meat rations


   Skills:
 + Level 4.0 Fighting
 + Level 2.4 Axes
 * Level 2.8 Armour
 + Level 1.0 Dodging
 * Level 2.4 Invocations


You had 3 spell levels left.
You didn't know any spells.

Dungeon Overview and Level Annotations

Branches:
Dungeon (3/15)

Altars:

Annotations:
D:3 Crazy Yiuf


Innate Abilities, Weirdness & Mutations

Your body is rotting away.
You thrive on raw meat.
You are immune to poison.
You have sharp fingernails.
You are carnivorous and can eat meat at any time.
Your flesh is cold resistant. (rC+)
You are immune to negative energy. (rN+++)
You regenerate slowly when monsters are visible.
You are immune to unholy pain and torment.
You can survive without breathing.


Message History

Crazy Yiuf is heavily wounded.
Crazy Yiuf hits you with a quarterstaff of chaos.
Crazy Yiuf burns you.
It was a potion of cancellation.
You feel magically purged.
Crazy Yiuf screams, "Flower!"
Crazy Yiuf hits you but does no damage.
It was a potion of haste.
You feel yourself speed up.
Crazy Yiuf yells, "Goober illywillydillykilly arm!"
Crazy Yiuf hits you with a quarterstaff of chaos.
* * * LOW HITPOINT WARNING * * *
You are very lightly contaminated with residual magic.
It was a potion of lignification.
You feel woody for a moment.
Crazy Yiuf hits you with a quarterstaff of chaos.
* * * LOW HITPOINT WARNING * * *
You hit Crazy Yiuf.
Crazy Yiuf is severely wounded.
You hit Crazy Yiuf.
Crazy Yiuf is severely wounded.
Crazy Yiuf hits you with a quarterstaff of chaos!
You die...

.# .# <########## .#........#
...######## ...# ####### ..##
#### ###.#.P.### .##
#...##..#......## .#
#..g@.####P.....# .# #)..###
##P.#..# +## #### ####..# ..##
##.# ...## #.# ....##
########## ########.#
.....####........###.##...#.##
.....'..>....................+
.....####...####.######...####


You could see Crazy Yiuf.

Vanquished Creatures
  3 adders
  An ooze (D:1)
  2 worms
  A dart slug (D:1)
  An orc (D:3)
  3 goblins
  6 hobgoblins
  2 jackals (D:1)
  6 kobolds
  A quokka (D:2)
  8 bats
  3 frilled lizards
  5 rats
42 creatures vanquished.

Notes
Turn   | Place    | Note
-------+----------+-------------------------------------------
     0 | Abyss:1  | Gargoyl the Ghoul Abyssal Knight began the quest for the Orb.
     0 | Abyss:1  | Reached XP level 1. HP: 19/19 MP: 1/1
    35 | Abyss:2  | Noticed a raiju
    35 | Abyss:2  | a shapeshifter changed into a raiju
    57 | Abyss:2  | Noticed a glowing orange brain
    58 | Abyss:2  | Noticed a starcursed mass
    58 | D:1      | Escaped the Abyss
    94 | D:1      | Reached * piety under Lugonu
   139 | D:1      | Reached XP level 2. HP: 26/26 MP: 2/2
   453 | D:1      | Reached XP level 3. HP: 33/33 MP: 3/3
   765 | D:1      | Reached skill level 4 in Fighting
   808 | D:2      | HP: 1/33 [worm (6)]
  1157 | D:2      | Reached XP level 4. HP: 34/40 MP: 4/4
  1355 | D:2      | Found a faded altar of an unknown god.
  1576 | D:3      | Reached skill level 1 in Dodging
  1700 | D:3      | Reached ** piety under Lugonu
  1853 | D:3      | Found a runed door.
  1857 | D:3      | Noticed Crazy Yiuf
  1866 | D:3      | HP: 2/40 [Crazy Yiuf/quarterstaff of chaos (6)]
  1868 | D:3      | Mangled by Crazy Yiuf

Skill      XL: |  1  2  3  4 |
---------------+-------------+-----
Axes           | 2 |  2.4
Armour         | 2 |  2.8
Fighting       | 4 |  4.0
Dodging        | 1 |  1.0
Invocations    | |  2.4

Action                   |  1- 3 |  4- 6 || total
-------------------------+-------+-------++-------
Melee: Hand axe          |   110 |    47 ||   157
Invok: Depart the Abyss  |     1 |       ||     1
  Use: Scroll            |       |     8 ||     8
       Potion            |       |     3 ||     3
  Eat: Chunk             |    21 |     5 ||    26
Armor: Leather armour    |     5 |       ||     5
       Ring mail         |    65 |       ||    65
       Scale mail        |     1 |    19 ||    20
Dodge: Dodged            |   115 |    19 ||   134
